 Dungeon Crawl Stone Soup version 0.30-a0-965-g42e074c17a (webtiles) character file.

Game seed: 17482169195651290640

3858 DeathPants the Carver (level 10, -3/51 (53) HPs)
             Began as a Vine Stalker Gladiator on Mar 30, 2023.
             Was an Initiate of Gozag.
             Slain by an orc warrior
             ... wielding a +0 battleaxe
              (14 damage)
             ... on level 8 of the Dungeon.
             The game lasted 00:18:54 (6445 turns).

DeathPants the Carver (Vine Stalker Gladiator)      Turns: 6445, Time: 00:18:55

HP:   -3/51 (53)    AC:  9    Str: 16    XL:     10   Next: 18%
MP:   0/18          EV: 14    Int: 15    God:    Gozag
Gold: 518           SH:  5    Dex: 20    Spells: 16/18 levels left

rFire   . . .      SeeInvis .    a - +0 long sword
rCold   . . .      Faith    .    (no shield)
rNeg    + . .      Spirit   +    w - +2 leather armour of the Charmed Heron {rN+ Int+3 Dex+3 Stlth+}
rPois   .          Reflect  +    c - +1 helmet
rElec   .          Rampage  .    (no cloak)
rCorr   .                        q - +0 pair of gloves
Will    +....                    f - +0 pair of boots
Stlth   ++++                     m - amulet of reflection
HPRegen 1.08/turn                (no ring)
MPRegen 0.16/turn                (no ring)

@: lightly drained
A: fangs 3, regeneration 1, magic shield, antimagic bite, no potion heal 2
a: Renounce Religion, Potion Petition, Call Merchant, Bribe Branch


You were on level 8 of the Dungeon.
You worshipped Gozag.
Gozag was pleased with you.
You visited 2 branches of the dungeon, and saw 9 of its levels.

You collected 621 gold pieces.
You paid 103 gold pieces to Gozag.

Inventory:

Hand Weapons
 a - a +0 long sword (weapon)
 b - a +2 falchion of holy wrath
 s - a +1 rapier of draining
Missiles
 e - 10 javelins (quivered)
 i - 4 curare-tipped darts
 l - 14 poisoned darts
 r - 3 atropa-tipped darts
Armour
 c - a +1 helmet (worn)
 f - a +0 pair of boots (worn)
 q - a +0 pair of gloves (worn)
 w - the +2 leather armour of the Charmed Heron (worn) {rN+ Int+3 Dex+3 Stlth+}
   (You took it off a kobold on level 6 of the Dungeon)

   Int:       It affects your intelligence (+3).
   Dex:       It affects your dexterity (+3).
   rN:        It protects you from negative energy.
   Stlth:     It makes you more stealthy.
 x - the +4 chain mail "Aceoschipn" {Str+4 Dex+2}
   (You found it on level 3 of the Dungeon)

   Str:       It affects your strength (+4).
   Dex:       It affects your dexterity (+2).
 B - a scarf of invisibility
 E - a +3 leather armour
Jewellery
 k - a ring of magical power
 m - an amulet of reflection (around neck)
Wands
 o - a wand of paralysis (5)
 t - a wand of flame (5)
 v - a wand of mindburst (6)
Potions
 g - a potion of mutation
 j - a potion of cancellation
 n - 4 potions of curing
 p - a potion of brilliance
 u - 4 potions of flight {unknown}
 z - a potion of attraction {unknown}
 A - 3 potions of magic {unknown}


   Skills:
 + Level 6.1 Fighting
 * Level 8.8 Long Blades
 - Level 1.7 Throwing
 + Level 4.6 Dodging
 - Level 5.0 Stealth
 + Level 4.7 Spellcasting
 - Level 4.0 Translocations


You had 16 spell levels left.
You knew the following spells:

 Your Spells              Type           Power      Damage    Failure   Level
a - Blink                 Tloc           30%        N/A       6%          2

Your spell library contained the following spells:

 Spells                   Type           Power      Damage    Failure   Level
 Lesser Beckoning         Tloc           30%        N/A       6%          2
 Momentum Strike          Conj/Tloc      18%        3d8       14%         2


Dungeon Overview and Level Annotations

Branches:
Dungeon (8/15)             Temple (1/1) D:7
   Lair: D:8-11

Altars:
Ashenzari
Cheibriados
Dithmenos
Fedhas
Gozag
Hepliaklqana
Kikubaaqudgha
Makhleb
Okawaru
Ru
Sif Muna
Trog
Vehumet
Xom
Yredelemnul
Zin
The Shining One

Annotations:
D:4 1 runed translucent door, GloriousHammer's ghost, amateur TrFi
D:6 3 runed translucent doors, baller8008's ghost, novice DECj


Innate Abilities, Weirdness & Mutations

You have razor-sharp teeth.
Your natural rate of healing is unusually fast.
When hurt, damage is shared between your health and your magic reserves.
Your bite disrupts and absorbs the magic of your enemies.
Potions cannot restore your health.


Message History

The throwing net closely misses the orc priest.
The throwing net closely misses the orc wizard.
The wight closely misses you.
The orc priest invokes the aid of Beogh against you.
Beogh smites you!
The orc warrior hits you with a +0 battleaxe.
The orc wizard casts a spell.
The orc wizard flickers and vanishes!
Deactivating autopickup; reactivate with Ctrl-A.
Throw: throwing net
Press: ? - help, Q - select action, (/) - cycle Shift-Dir - straight line, f/p - orc warrior
Aim: an orc warrior, wielding a +0 battleaxe and wearing a +0 plate armour (heavily wounded, 65% to hit)
You throw a throwing net.
The throwing net closely misses the orc warrior.
The throwing net hits the orc priest.
The orc priest is caught in the net!
The wight closely misses you.
The orc priest struggles against the net.
The orc warrior hits you with a +0 battleaxe!
You barely miss the orc warrior.
You bite the orc warrior, but do no damage.
The orc warrior is heavily wounded.
The wight misses you.
The orc priest miscasts a cantrip.
The orc priest struggles against the net.
The orc warrior hits you with a +0 battleaxe!
* * * LOW HITPOINT WARNING * * *
You slash the orc warrior!
You bite the orc warrior, but do no damage.
The orc warrior is severely wounded.
The wight hits you but does no damage. The orc warrior barely misses you.
You hit the orc warrior.
The orc warrior is severely wounded.
The wight hits you from afar with a +0 spear.
* * * LOW HITPOINT WARNING * * *
You partially resist.
You feel drained.
* * * LOW HITPOINT WARNING * * *
The orc priest struggles against the net.
The orc warrior hits you with a +0 battleaxe!!
You die...
Your body crumbles into a pile of gold.

### #.. #.# ## #.# .# #.#
..# #.# ..# #@# #..#
################o# ...#
...)...........zo##o.##.##
................{z$ozzz...
###################.##.###$
### .# #.. .# #.# .# #.# .#


You could see an orc warrior, 2 wights and an orc priest (caught).

Vanquished Creatures
  A two-headed ogre (D:8)
  Pikel (D:8)
  3 yaks (D:8)
  Eustachio (D:6)
  Menkaure (D:7)
  A water moccasin (D:8)
  3 orc warriors
  An ice beast (D:6)
  An ogre (D:6)
  2 centaurs (D:7)
  A lemure (D:8)
  2 kobold brigands
  5 bullfrogs
  2 scorpions (D:5)
  A howler monkey (D:6)
  7 orc priests
  2 hounds
  A jelly (D:7)
  2 iguanas
  9 orc wizards
  11 gnolls
  4 adders
  2 shadow imps
  2 white imps (D:6)
  2 worms (D:3)
  A dart slug (D:1)
  21 orcs
  3 ball pythons
  6 endoplasms
  2 giant cockroaches
  7 goblins
  5 hobgoblins
  5 quokkas
  4 bats
  4 frilled lizards
  17 kobolds
  4 rats
147 creatures vanquished.

Notes
Turn   | Place    | Note
-------+----------+-------------------------------------------
     0 | D:1      | DeathPants the Vine Stalker Gladiator began the quest for
                  | the Orb.
     0 | D:1      | Reached XP level 1. HP: 11/11 MP: 2/2
   225 | D:1      | Reached XP level 2. HP: 15/15 MP: 3/3
   336 | D:1      | Reached skill level 3 in Long Blades
   377 | D:1      | Reached skill level 1 in Stealth
   430 | D:1      | Found a faded altar of an unknown god.
   994 | D:2      | Reached XP level 3. HP: 18/18 MP: 4/4
  1807 | D:3      | Gained mutation: Your natural rate of healing is unusually
                  | fast. [Vine Stalker growth]
  1807 | D:3      | Reached XP level 4. HP: 17/23 MP: 3/5
  2017 | D:3      | Reached XP level 5. HP: 27/27 MP: 4/6
  2520 | D:3      | Identified the +4 chain mail "Aceoschipn" {Str+4 Dex+2}
  2897 | D:4      | Reached skill level 4 in Long Blades
  2898 | D:4      | Found a glowing golden altar of the Shining One.
  3059 | D:3      | Reached XP level 6. HP: 29/32 MP: 7/7
  3285 | D:5      | Entered Level 5 of the Dungeon
  3465 | D:4      | Found a shimmering blue altar of Sif Muna.
  3470 | D:4      | Reached XP level 7. HP: 36/36 MP: 8/8
  3607 | D:4      | Found a runed translucent door.
  3610 | D:4      | Noticed GloriousHammer's ghost (amateur TrFi)
  3946 | D:5      | Found a shimmering altar of Xom.
  3993 | D:5      | Reached skill level 5 in Long Blades
  4333 | D:6      | Reached skill level 5 in Stealth
  4333 | D:6      | Gained mutation: You have razor-sharp teeth. [Vine Stalker
                  | growth]
  4333 | D:6      | Reached XP level 8. HP: 42/42 MP: 9/9
  4347 | D:7      | Found a broken altar of Ashenzari.
  4364 | D:6      | Found a runed translucent gate.
  4365 | D:6      | Found a runed translucent gate.
  4366 | D:6      | Found a runed translucent gate.
  4367 | D:6      | Noticed baller8008's ghost (novice DECj)
  4574 | D:6      | Reached skill level 6 in Long Blades
  4595 | D:6      | Noticed Eustachio
  4606 | D:6      | Killed Eustachio
  4607 | D:6      | Reached skill level 1 in Spellcasting
  4652 | D:6      | Identified the +2 leather armour of the Charmed Heron {rN+
                  | Int+3 Dex+3 Stlth+}
  4774 | D:6      | Learned a level 2 spell: Blink
  4804 | D:7      | Noticed Menkaure
  4807 | D:7      | Killed Menkaure
  4899 | D:7      | Found a staircase to the Ecumenical Temple.
  4942 | D:7      | Reached skill level 1 in Translocations
  4954 | Temple   | Entered the Ecumenical Temple
  4983 | Temple   | Became a worshipper of Gozag Ym Sagoz the Greedy
  5388 | D:7      | Reached skill level 7 in Long Blades
  5388 | D:7      | Reached XP level 9. HP: 42/46 MP: 11/13
  5498 | D:7      | Reached skill level 5 in Fighting
  5545 | D:7      | Found a sacrificial altar of Ru.
  5687 | D:8      | Noticed a two-headed ogre
  5701 | D:8      | Killed a two-headed ogre
  6099 | D:8      | Reached skill level 8 in Long Blades
  6206 | D:8      | Reached XP level 10. HP: 52/53 MP: 15/17
  6311 | D:8      | Found a bloodstained altar of Trog.
  6358 | D:8      | Noticed Pikel
  6367 | D:8      | Killed Pikel
  6445 | D:8      | Slain by an orc warrior

Illustrated notes

Levels and vault maps discovered:
D:1:      evilmike_arrival_rings, layout_loops_ring,
          hellmonk_ecumenical_altar_lost_god, chequers_serial_rivers_micro_d
D:2:      minmay_wonky_spiral, layout_basic
D:3:      layout_rooms, serial_co_window_serial, co_window_corner_a,
          co_window_paths_b, co_window_paths_b, co_window_paths_b,
          co_window_corner_a, co_window_of_opportunity_a, co_window_paths_b,
          co_window_broadway_b, co_window_corner_b, co_window_2corner,
          co_window_broadway_a, co_window_corner_ca, co_window_4corner_b,
          co_window_paths_e, glass_columns_a, glass_columns_b, glass_columns_a,
          glass_columns_a, grunt_decor_resistance, minmay_bisected
D:4:      layout_rooms, overflow_temple_1_default,
          nicolae_sif_muna_little_library, ebering_ghost_reflecting_pool,
          dk_noncrumbling_3, reono_crystal_passage, abandoned_shop
D:5:      layout_cave_pods, mainiacjoe_overflow_surrounded_room,
          mainiacjoe_overflow_24_doors, uniq_crazy_yiuf_cottage
D:6:      layout_loops_ring, gammafunk_ghost_split, uniq_eustachio
D:7:      layout_basic, nicolae_ru_the_path_less_chosen,
          mainiacjoe_overflow_cross_hatched, minmay_temple_entry_trees,
          uniq_menkaure
D:8:      layout_basic, mainiacjoe_overflow_alcove_1, uniq_pikel, uniq_joseph
Temple:   compressed_dpeg_triangle_lava_temple

Skill      XL: |  1  2  3  4  5  6  7  8  9 10 |
---------------+-------------------------------+-----
Long Blades    | 3 4 5 7 8 |  8.8
Fighting       | 2 3 4 5 6 |  6.1
Stealth        | 1 2 3 5 |  5.0
Dodging        | 3 4 |  4.6
Spellcasting   | 2 4 |  4.7
Translocations | 2 4 |  4.0
Throwing       | |  1.7

Action                     |  1- 3 |  4- 6 |  7- 9 | 10-12 || total
---------------------------+-------+-------+-------+-------++-------
  Melee: Long sword        |    85 |   103 |   299 |    55 ||   542
         Bite              |    16 |    32 |   103 |    20 ||   171
         Punch             |       |       |     9 |     5 ||    14
  Throw: Throwing net      |       |       |     3 |     2 ||     5
    Use: Scroll            |       |       |    16 |     1 ||    17
         Potion            |       |       |     2 |       ||     2
   Stab: Sleeping          |     5 |     2 |     6 |       ||    13
         Held in net/web   |       |       |     2 |       ||     2
 Armour: Leather armour    |    30 |    13 |    54 |    15 ||   112
         Chain mail        |       |    50 |    82 |       ||   132
  Dodge: Dodged            |    57 |    61 |   173 |    24 ||   315
  Block: Other             |       |       |    59 |    12 ||    71
         Reflection        |       |       |     2 |     1 ||     3

Table legend: (Time is in decaauts)
 A = Elapsed time spent in this place.
 B = Non-inter-level travel time spent in this place.
 C = Inter-level travel time spent in this place.
 D = Time resting spent in this place.
 E = Time spent auto-exploring this place.
 F = Levels seen in this place.
 G = Mean time per level.
                   A        B        C        D        E       F      G
               +--------+--------+--------+--------+--------+-----+--------+
         Total |   6500 |   6340 |    160 |    374 |   4085 |   9 |  722.2 |
       Dungeon |   6453 |   6293 |    160 |    374 |   4069 |   8 |  806.6 |
        Temple |     46 |     46 |      0 |      0 |     16 |   1 |   46.0 |
               +--------+--------+--------+--------+--------+-----+--------+

Top non-repeatable levels by time:
     D:3: 1472 daAuts
     D:7: 1190 daAuts
     D:2: 882 daAuts
     D:1: 814 daAuts
     D:6: 736 daAuts
     D:4: 702 daAuts
     D:8: 408 daAuts
     D:5: 247 daAuts
  Temple: 46 daAuts
